[Event "Titled Tuesday Blitz March 29 Late 2022"]
[White "Martinez Alcantara, Jose Eduardo"]
[Black "Nasuta, Grzegorz"]
[WhiteFideId "3805662"]
[BlackFideId "1141686"]
[WhiteElo "2690"]
[BlackElo "2396"]
[Result "1-0"]
[Round "02"]
[TimeControl "180+1"]
[Date "2022.03.29"]
[WhiteClock "0:00:13"]
[BlackClock "0:00:06"]

1. e4 e5 2. Nf3 Nc6 3. Bb5 a6 4. Ba4 Nf6 5. d3 d6 6. c3 g6 7. h3 Bg7 8. Be3 O-O 9. Nbd2 Bd7 10. O-O Qe8 11. Re1 Nh5 12. Bb3 Kh8 13. d4 f5 14. exf5 gxf5 15. dxe5 dxe5 16. Bc5 Rf6 17. Bd5 Nf4 18. Bxc6 Rxc6 19. Bd4 Qg6 20. Nh4 Nxh3+ 21. Kf1 Qh6 22. Rxe5 Qxh4 23. Nf3 Nxf2 24. Bxf2 Qc4+ 25. Kg1 Rd6 26. Qe1 Bc6 27. Nd4 Be4 28. Re7 Rg6 29. g3 Rg8 30. Qe3 c5 31. Ne2 Bc6 32. Nf4 Rg4 33. b3 Qb5 34. Re1 Qb6 35. Rxg7 R4xg7 36. Ne6 Qa7 37. Nxg7 Rxg7 38. Qe5 Qa8 39. Bxc5 Qg8 40. Bd4 h6 41. Qxg7+ Qxg7 42. Bxg7+ Kxg7 43. Kf2 Kf6 44. Ke3 Kg5 45. Kf2 h5 46. Re7 h4 47. gxh4+ Kxh4 48. Rg7 Kh5 49. Ke3 Kh6 50. Rg1 Kh7 51. Kf4 1-0


[Site "https://www.chess.com"]

[Event "Titled Tuesday Blitz March 29 Late 2022"]
[White "Meduri, Aakaash"]
[Black "Bryakin, Mikhail"]
[WhiteFideId "2032252"]
[BlackFideId "4165314"]
[WhiteElo "2096"]
[BlackElo "2417"]
[Result "1-0"]
[Round "02"]
[TimeControl "180+1"]
[Date "2022.03.30"]
[WhiteClock "0:00:09"]
[BlackClock "0:00:51"]

1. d4 Nf6 2. Nc3 g6 3. e4 d6 4. Bf4 Bg7 5. Qd2 O-O 6. h4 c5 7. dxc5 dxc5 8. Qe3 Qa5 9. O-O-O Nc6 10. Be2 Nd4 11. Bh6 Be6 12. Bxg7 Kxg7 13. h5 Ng8 14. hxg6 fxg6 15. Qg5 h6 16. Qe5+ Rf6 17. Rxd4 b5 18. Qxc5 Rc8 19. Qb4 Qc7 20. Nf3 Rf4 21. Rhd1 Rff8 22. R4d2 Nf6 23. Nxb5 Qb7 24. Qd4 a6 25. Nc3 Rfd8 26. Qe5 Rxd2 27. Rxd2 Bf7 28. Nd5 Rc5 29. Qxe7 Qxe7 30. Nxe7 Nxe4 31. Rd7 Nxf2 32. Bxa6 Ng4 33. Bd3 Kf8 34. Ra7 g5 35. Nf5 Bd5 36. b4 Rc3 37. Kd2 Rc8 38. a4 Nf6 39. Ne5 Rb8 40. Ng6+ Ke8 41. Nd6+ Kd8 42. b5 Bxg2 43. Ne5 Bd5 44. Rg7 Rb6 45. Nf5 Re6 46. Nf7+ Ke8 47. Nd4 Kf8 48. Nxe6+ Bxe6 49. Rg6 Kxf7 50. Rxh6 g4 51. Rh1 Bd5 52. Rg1 Ke6 53. Ke3 Ke5 54. c4 Bf3 55. a5 Nd7 56. b6 Nc5 57. a6 Nxa6 58. Be2 Bc6 59. Bxg4 Kd6 60. Bf3 Bd7 61. Kd4 Nc5 62. Rg6+ Ne6+ 63. Kc3 Kc5 64. Bd5 Nf4 65. b7 Nxg6 66. b8=Q Bc6 67. Qb4# 1-0


[Site "https://www.chess.com"]

[Event "Titled Tuesday Blitz March 29 Late 2022"]
[White "Mikhailov, Viacheslav"]
[Black "Prohorov, Olexandr"]
[WhiteFideId "4187369"]
[BlackFideId "14105578"]
[WhiteElo "2381"]
[BlackElo "1993"]
[Result "1-0"]
[Round "02"]
[TimeControl "180+1"]
[Date "2022.03.30"]
[WhiteClock "0:00:59"]
[BlackClock "0:00:12"]

1. Nf3 c5 2. g3 b6 3. Bg2 Bb7 4. O-O e6 5. c3 Nf6 6. d4 d6 7. a4 a6 8. Na3 Be7 9. Bf4 O-O 10. Nc4 b5 11. axb5 axb5 12. Rxa8 Bxa8 13. Na3 Qb6 14. dxc5 Qxc5 15. Qb3 Nbd7 16. Qxb5 Rb8 17. Qxc5 Nxc5 18. b4 Na4 19. Rc1 e5 20. Bg5 h6 21. Bxf6 Bxf6 22. Nd2 d5 23. Nb3 e4 24. Nd4 Nxc3 25. Rxc3 Bxd4 26. Rb3 Bc5 27. Nc2 Bc6 28. Rc3 Bxf2+ 29. Kxf2 Ba4 30. e3 Bxc2 31. Rxc2 Rxb4 32. Rd2 Rb5 33. Bh3 Kf8 34. Bd7 Rc5 35. Ba4 Ke7 36. h4 Kd6 37. g4 Ke5 38. Bb3 Rb5 39. Ba4 Ra5 40. Be8 f5 41. gxf5 Kxf5 42. h5 Kg5 43. Bc6 Ra6 44. Rxd5+ Kg4 45. Bb5 Ra2+ 46. Be2+ Kh3 47. Re5 Ra4 48. Re7 1-0


[Site "https://www.chess.com"]

[Event "Titled Tuesday Blitz March 29 Late 2022"]
[White "Milanovic, Marko"]
[Black "Piliczewski, Bogusz"]
[WhiteFideId "980129"]
[BlackFideId "1104144"]
[WhiteElo "2159"]
[BlackElo "1896"]
[Result "1-0"]
[Round "02"]
[TimeControl "180+1"]
[Date "2022.03.30"]
[WhiteClock "0:02:08"]
[BlackClock "0:00:49"]

1. e4 c6 2. Nf3 d5 3. Nc3 Bg4 4. h3 Bxf3 5. Qxf3 dxe4 6. Nxe4 e6 7. Bc4 Nd7 8. c3 Ngf6 9. d4 Be7 10. O-O O-O 11. Re1 Nxe4 12. Qxe4 Nf6 13. Qc2 c5 14. dxc5 Bxc5 15. Bg5 Qb6 16. Rad1 Rad8 17. a4 a5 18. b3 Rxd1 19. Rxd1 Bxf2+ 20. Qxf2 Qxf2+ 21. Kxf2 Ne4+ 22. Ke3 Nxg5 23. h4 h6 24. hxg5 hxg5 25. Rd7 Rb8 26. b4 axb4 27. cxb4 Rc8 28. Kd3 Ra8 29. a5 b6 30. a6 g6 31. a7 g4 32. Bb5 Rc8 33. Bc6 Rxc6 34. a8=Q+ Kg7 35. Qxc6 1-0


[Site "https://www.chess.com"]

[Event "Titled Tuesday Blitz March 29 Late 2022"]
[White "Mitrabha, Guha"]
[Black "Vine, Elzbieta"]
[WhiteFideId "5057000"]
[BlackFideId "1119320"]
[WhiteElo "2468"]
[BlackElo "1837"]
[Result "1-0"]
[Round "02"]
[TimeControl "180+1"]
[Date "2022.03.30"]
[WhiteClock "0:02:26"]
[BlackClock "0:00:59"]

1. d4 d5 2. Bf4 Nf6 3. e3 Bf5 4. c4 e6 5. Nc3 Bd6 6. Bg3 O-O 7. Qb3 Nc6 8. cxd5 exd5 9. Nf3 Re8 10. Be2 Bxg3 11. hxg3 Qd7 12. Rc1 Ng4 13. Qxd5 Qe7 14. Qxf5 Nxe3 15. Qxh7+ 1-0


[Site "https://www.chess.com"]

[Event "Titled Tuesday Blitz March 29 Late 2022"]
[White "Mortazavi, Ali"]
[Black "Rostovtsev, Dmitry"]
[WhiteFideId "401323"]
[BlackFideId "34278320"]
[WhiteElo "2339"]
[BlackElo "2359"]
[Result "1-0"]
[Round "02"]
[TimeControl "180+1"]
[Date "2022.03.29"]
[WhiteClock "0:01:37"]
[BlackClock "0:02:32"]

1. Nf3 g6 2. e4 Bg7 3. d4 d6 4. Nc3 Nc6 5. Bb5 Bd7 6. h3 Nf6 7. e5 dxe5 8. dxe5 Ng8 9. Qe2 a6 10. Bc4 e6 11. Bg5 Nge7 12. h4 h6 13. Bf4 Nf5 14. O-O-O Qe7 15. g4 Nxh4 16. Nxh4 g5 17. Bg3 gxh4 18. Bxh4 Qc5 19. f4 b5 20. Bb3 Nd4 21. Qd3 Nxb3+ 22. axb3 Bc6 23. Qd8+ 1-0


[Site "https://www.chess.com"]

[Event "Titled Tuesday Blitz March 29 Late 2022"]
[White "Najer, Evgeniy"]
[Black "Vachier-Lagrave, Maxime"]
[WhiteFideId "4118987"]
[BlackFideId "623539"]
[WhiteElo "2562"]
[BlackElo "2813"]
[Result "0-1"]
[Round "02"]
[TimeControl "180+1"]
[Date "2022.03.29"]
[WhiteClock "0:00:01"]
[BlackClock "0:00:34"]

1. e4 c6 2. d4 d5 3. Nc3 dxe4 4. Nxe4 Nd7 5. Ng5 e6 6. Bd3 Ngf6 7. Qe2 Bd6 8. N1f3 h6 9. Ne4 Nxe4 10. Qxe4 Nf6 11. Qh4 Ke7 12. Ne5 c5 13. Nc4 g5 14. Qh3 cxd4 15. Nxd6 Qxd6 16. O-O Bd7 17. Bd2 Bc6 18. Rae1 Rag8 19. a3 Kd7 20. Bb4 g4 21. Qg3 Qc7 22. Bc5 Nh5 23. Qxc7+ Kxc7 24. Bxd4 Rd8 25. Be5+ Kb6 26. Re3 Rhg8 27. Rfe1 a6 28. b3 f6 29. Bg3 e5 30. a4 a5 31. R3e2 Rd4 32. Kf1 Rgd8 33. Re3 Kc5 34. Bg6 Nf4 35. Bxf4 exf4 36. Rc3+ Kb4 37. Rd3 f3 38. Rxd4+ Rxd4 39. gxf3 gxf3 40. Bd3 Kc3 41. Kg1 Rg4+ 0-1


[Site "https://www.chess.com"]

[Event "Titled Tuesday Blitz March 29 Late 2022"]
[White "Nazari, Arad"]
[Black "Needleman, Alejandro"]
[WhiteFideId "12577324"]
[BlackFideId "100730"]
[WhiteElo "2120"]
[BlackElo "2234"]
[Result "1-0"]
[Round "02"]
[TimeControl "180+1"]
[Date "2022.03.30"]
[WhiteClock "0:00:49"]
[BlackClock "0:00:08"]

1. e4 c5 2. Nf3 e6 3. d4 cxd4 4. Nxd4 Nc6 5. Nxc6 bxc6 6. Bd3 Nf6 7. O-O e5 8. Kh1 Bc5 9. Nd2 d6 10. Nc4 Ng4 11. Ne3 Bxe3 12. Bxe3 Qh4 13. h3 Nxe3 14. fxe3 Bxh3 15. Kg1 Be6 16. Qf3 O-O 17. Rad1 Rad8 18. c4 g6 19. Be2 f5 20. exf5 gxf5 21. Qxc6 Qe7 22. b4 Kh8 23. a4 Rg8 24. e4 f4 25. Bf3 Bg4 26. c5 Bxf3 27. Rxf3 Rg6 28. cxd6 Qg5 29. Rd2 Rdxd6 30. Qc8+ Rg8 31. Qxg8+ Kxg8 32. Rxd6 Qh4 33. Rd1 Qe7 34. Rb1 Qd7 35. Kh2 Qxa4 36. Rc3 Qd7 37. Rbc1 Qd2 38. Rc8+ Kg7 39. R1c7+ Kh6 40. Rc6+ Kh5 41. Rf8 1-0


[Site "https://www.chess.com"]

[Event "Titled Tuesday Blitz March 29 Late 2022"]
[White "Pakleza, Zbigniew"]
[Black "Bibasa, Bob"]
[WhiteFideId "1119290"]
[BlackFideId "10000240"]
[WhiteElo "2467"]
[BlackElo "2056"]
[Result "0-1"]
[Round "02"]
[TimeControl "180+1"]
[Date "2022.03.30"]
[WhiteClock "0:00:06"]
[BlackClock "0:00:07"]

1. Nf3 c5 2. c3 d5 3. d4 Bf5 4. Qb3 Qc7 5. dxc5 e6 6. Nd4 Bg6 7. Qa4+ Nc6 8. b4 Nf6 9. e3 Be7 10. Bb5 O-O 11. Bxc6 bxc6 12. Qxc6 Qe5 13. Qb5 a5 14. Nc6 Qc7 15. Nd2 Ne4 16. Nxe4 Bxe4 17. f3 Bh4+ 18. Ke2 Bg6 19. Nxa5 Rfb8 20. Qc6 Qe5 21. Bd2 Qf5 22. e4 dxe4 23. Qxe4 Qh5 24. Qe3 Rd8 25. Rad1 Rd3 26. Qxd3 Bxd3+ 27. Kxd3 Qg6+ 28. Kc4 Qxg2 29. c6 Qxf3 30. Kb3 Rxa5 31. bxa5 Qxc6 32. c4 f5 33. Bb4 Bf6 34. Rhf1 Kf7 35. Rd6 Qb7 36. Rfd1 Be7 37. c5 Bxd6 38. Rxd6 f4 39. c6 Qb5 40. c7 Qb7 41. Rd7+ Kf6 42. Re7 f3 43. Re8 Qxc7 44. Rf8+ Ke5 45. Rxf3 Kd4 46. Rc3 Qb7 47. Rc4+ Kd3 48. Rc5 e5 49. Rxe5 Qf7+ 50. Ka3 Kc2 51. Rc5+ Kd3 52. Ka4 Qd7+ 53. Kb3 Qe6+ 54. Kb2 g6 55. Rc3+ Kd4 56. a3 Qe2+ 57. Rc2 Qb5 58. Rd2+ Kc4 59. Rc2+ Kd4 60. Rc5 Qe2+ 61. Kb3 Qd1+ 62. Kb2 Qe2+ 63. Rc2 Qe6 64. Rd2+ Kc4 65. Rc2+ Kb5 66. Rc3 Qe2+ 67. Kc1 Qxh2 68. Rc5+ Ka4 69. a6 Qh1+ 70. Kd2 Qg2+ 71. Ke3 Qg3+ 72. Kd4 Qf4+ 73. Kd5 Qf3+ 74. Ke6 Qe2+ 75. Kd7 Qxa6 76. Ke7 Qb7+ 77. Kf6 Qb6+ 78. Kg5 Qe6 79. Kh6 Qh3+ 80. Kg7 h5 81. Ra5+ Kb3 82. Kxg6 h4 83. Rh5 Qg4+ 84. Rg5 Qe4+ 85. Kh5 h3 86. Rg4 Qe8+ 87. Kh4 h2 88. Rg3+ Ka4 89. Rh3 Qh8+ 90. Kg3 Qxh3+ 91. Kxh3 h1=Q+ 0-1


[Site "https://www.chess.com"]

[Event "Titled Tuesday Blitz March 29 Late 2022"]
[White "Papasimakopoulos, Alexandros"]
[Black "Melikhov, Evgeny V."]
[WhiteFideId "4244125"]
[BlackFideId "4122046"]
[WhiteElo "2340"]
[BlackElo "1945"]
[Result "1-0"]
[Round "02"]
[TimeControl "180+1"]
[Date "2022.03.30"]
[WhiteClock "0:01:14"]
[BlackClock "0:00:48"]

1. d4 Nf6 2. c4 e6 3. Nc3 Bb4 4. Qc2 c5 5. dxc5 Na6 6. a3 Bxc3+ 7. Qxc3 Nxc5 8. f3 d6 9. b4 Ncd7 10. e4 O-O 11. Bd3 e5 12. Ne2 a5 13. Be3 axb4 14. axb4 Rxa1+ 15. Qxa1 Qc7 16. O-O Rd8 17. Nc3 Nf8 18. Nb5 Qe7 19. Bb6 Be6 20. Bxd8 Qxd8 21. Qa7 Qe7 22. Qb6 Ne8 23. Ra1 Ng6 24. g3 h5 25. Ra8 Kh7 26. Qe3 h4 27. Kf2 hxg3+ 28. hxg3 Nc7 29. Nxc7 Qxc7 30. Qe1 Bh3 31. Qh1 Qb6+ 32. Ke2 1-0


[Site "https://www.chess.com"]

[Event "Titled Tuesday Blitz March 29 Late 2022"]
[White "Perera Alfonso, Rene Humberto"]
[Black "Sarkar, Justin"]
[WhiteFideId "3514722"]
[BlackFideId "2010011"]
[WhiteElo "2313"]
[BlackElo "2038"]
[Result "1-0"]
[Round "02"]
[TimeControl "180+1"]
[Date "2022.03.30"]
[WhiteClock "0:00:18"]
[BlackClock "0:00:00"]

1. e4 c5 2. Nf3 d6 3. d4 cxd4 4. Nxd4 Nf6 5. Nc3 a6 6. Be3 Ng4 7. Bc1 Nf6 8. h3 e5 9. Nb3 h5 10. Be3 Be6 11. Qf3 Nbd7 12. O-O-O Bg4 13. hxg4 hxg4 14. Rxh8 gxf3 15. gxf3 Qc7 16. Bh3 O-O-O 17. Kb1 Kb8 18. a3 Be7 19. Rxd8+ Qxd8 20. Nd2 Qh8 21. Bf1 Qh4 22. Nc4 Ne8 23. a4 Bg5 24. Bxg5 Qxg5 25. Nxd6 Nxd6 26. Rxd6 Qg1 27. Rxd7 Qxf1+ 28. Ka2 f6 29. Rd2 Qc4+ 30. Kb1 Qf1+ 31. Nd1 Qh1 32. Rd3 g5 33. b3 g4 34. fxg4 Qxe4 35. f3 Qe2 36. Nc3 Qf1+ 37. Kb2 Qe1 38. Ne4 Qh4 39. Rd6 f5 40. gxf5 Qf4 41. Rd3 Qxf5 42. c4 Qf4 43. a5 Qh2+ 44. Rd2 Qg1 45. b4 Qe1 46. Rd3 Qe2+ 47. Kc3 Qa2 48. c5 Qa3+ 49. Kc4 Qa2+ 50. Rb3 Qc2+ 51. Rc3 Qe2+ 52. Kb3 Qd1+ 53. Ka2 Qe2+ 54. Ka3 Qe1 55. c6 1-0


[Site "https://www.chess.com"]

[Event "Titled Tuesday Blitz March 29 Late 2022"]
[White "Petrovic, Aleksa"]
[Black "Ardila, Oscar Humberto"]
[WhiteFideId "967629"]
[BlackFideId "4404742"]
[WhiteElo "2245"]
[BlackElo "1966"]
[Result "1-0"]
[Round "02"]
[TimeControl "180+1"]
[Date "2022.03.30"]
[WhiteClock "0:00:56"]
[BlackClock "0:00:51"]

1. d4 Nf6 2. c4 e6 3. Nf3 c5 4. d5 exd5 5. cxd5 d6 6. Nc3 g6 7. Bf4 Bg7 8. Qa4+ Bd7 9. Qb3 Bc8 10. Nb5 Bf8 11. Qe3+ Be7 12. Nxd6+ Kf8 13. Bh6+ Kg8 14. Nxc8 Nxd5 15. Nxe7+ Nxe7 16. Qc3 Nf5 17. Rd1 Qe8 18. Bg5 h6 19. Rd8 Nc6 20. Rxe8+ Rxe8 21. Bf6 Rh7 22. g4 Nd6 23. b3 Ne4 24. Qb2 Re6 25. Bc3 f5 26. gxf5 gxf5 27. Rg1+ Kf8 28. Nh4 Rf7 29. Ng6+ Ke8 30. Nf4 Rd6 31. Rg8+ Kd7 32. f3 Nxc3 33. Qxc3 Rd4 34. Nd3 b6 35. e3 Rd5 36. Rg7 Rxg7 37. Qxg7+ Ne7 38. Nf4 Rd6 39. Bb5+ Kd8 40. Qf8+ 1-0


[Site "https://www.chess.com"]

[Event "Titled Tuesday Blitz March 29 Late 2022"]
[White "Pourkashiyan, Atousa"]
[Black "Dahlgren, James Allen"]
[WhiteFideId "12502014"]
[BlackFideId "22256873"]
[WhiteElo "2247"]
[BlackElo "2143"]
[Result "1-0"]
[Round "02"]
[TimeControl "180+1"]
[Date "2022.03.30"]
[WhiteClock "0:02:05"]
[BlackClock "0:01:28"]

1. e4 e6 2. d4 c5 3. Nf3 d5 4. exd5 exd5 5. Bb5+ Bd7 6. Bxd7+ Qxd7 7. O-O Nf6 8. Re1+ Be7 9. dxc5 O-O 10. Be3 Nc6 11. Nc3 Rad8 12. Nb5 a6 13. Nbd4 Bxc5 14. Nxc6 Qxc6 15. Bxc5 Qxc5 16. c3 Ne4 17. Nd4 h6 18. Qd3 Rfe8 19. Rad1 b5 20. h3 Qc4 21. Qb1 Rd6 22. Nf5 Rf6 23. Rd4 Qc5 24. f3 Rxf5 25. fxe4 dxe4 26. Rxe4 Rd8 27. b4 Rxd4 28. bxc5 1-0


[Site "https://www.chess.com"]

[Event "Titled Tuesday Blitz March 29 Late 2022"]
[White "Przybylski, Wojciech"]
[Black "Sapunov, Evgeny"]
[WhiteFideId "1117599"]
[BlackFideId "4126661"]
[WhiteElo "2133"]
[BlackElo "2470"]
[Result "0-1"]
[Round "02"]
[TimeControl "180+1"]
[Date "2022.03.29"]
[WhiteClock "0:00:01"]
[BlackClock "0:00:10"]

1. e4 c5 2. Nf3 d6 3. Bb5+ Nd7 4. O-O a6 5. Bd3 Ngf6 6. c3 b5 7. a4 Bb7 8. Re1 Bc6 9. a5 e6 10. Bc2 Be7 11. d4 O-O 12. Nbd2 Rc8 13. h3 Bb7 14. Nf1 Re8 15. Ng3 Qc7 16. Bd3 Nf8 17. Be3 cxd4 18. cxd4 Ng6 19. Qd2 d5 20. e5 Ne4 21. Qe2 Bb4 22. Rec1 Qe7 23. Rf1 Qd8 24. Nd2 Qh4 25. Ngxe4 dxe4 26. Bb1 Ne7 27. Qg4 Qxg4 28. hxg4 Bxd2 29. Bxd2 Rc4 30. Be3 Nd5 31. Re1 Nb4 32. b3 Rc7 33. Bd2 Nc2 34. Rc1 Rec8 35. Bxc2 Rxc2 36. Be3 Bd5 37. b4 h6 38. Rxc2 Rxc2 39. Rc1 Rb2 40. Rc8+ Kh7 41. Rc7 Kg6 42. Ra7 Rxb4 43. Rxa6 Rb1+ 44. Kh2 b4 45. Rb6 b3 46. a6 Ra1 47. Kg3 Ra3 48. Kf4 Ra2 49. Kg3 Bc4 50. Bc1 Rxa6 51. Rxa6 Bxa6 52. Kf4 Bd3 53. f3 exf3 54. gxf3 Be2 55. Ke3 Bd1 56. Kf2 h5 57. gxh5+ Kxh5 58. Kg3 g5 59. f4 g4 60. Ba3 Kg6 61. Kf2 Kf5 62. Kg3 Ke4 63. Bb2 Kd3 64. f5 Kc2 65. fxe6 fxe6 66. d5 Kxb2 67. dxe6 Be2 68. e7 Bb5 0-1


[Site "https://www.chess.com"]

[Event "Titled Tuesday Blitz March 29 Late 2022"]
[White "Rangel, Daniel"]
[Black "Brizzi, Milagros Tatiana"]
[WhiteFideId "2124475"]
[BlackFideId "128350"]
[WhiteElo "2225"]
[BlackElo "1844"]
[Result "1-0"]
[Round "02"]
[TimeControl "180+1"]
[Date "2022.03.30"]
[WhiteClock "0:00:12"]
[BlackClock "0:00:01"]

1. d4 d5 2. Nf3 Nf6 3. g3 c6 4. Bg2 Bf5 5. O-O e6 6. c4 Be7 7. Qb3 b6 8. Nc3 O-O 9. Ne5 Nfd7 10. e4 dxe4 11. Nxe4 Nxe5 12. dxe5 Qc7 13. Bf4 Nd7 14. Nd6 Bg6 15. Rad1 Nc5 16. Qf3 Rad8 17. b4 Na6 18. a3 Nb8 19. h4 h6 20. c5 a5 21. h5 Bh7 22. Qe3 bxc5 23. Qxc5 axb4 24. axb4 Rd7 25. Qc4 Rfd8 26. Ra1 Kh8 27. Ra5 Bg8 28. Rfa1 f6 29. Ne4 fxe5 30. Bxe5 Bd6 31. Nxd6 Rxd6 32. Bxd6 Qxd6 33. Ra7 e5 34. Qg4 Qf6 35. Rb7 Rf8 36. f3 c5 37. Raa7 Bf7 38. bxc5 Nc6 39. Rxf7 Rxf7 40. Rxf7 Qxf7 41. Qc8+ Kh7 42. Qxc6 Qa2 43. Qe4+ Kg8 44. c6 1-0


[Site "https://www.chess.com"]

[Event "Titled Tuesday Blitz March 29 Late 2022"]
[White "Rastbod, Ali"]
[Black "Hakobyan, Aram"]
[WhiteFideId "12567477"]
[BlackFideId "13306677"]
[WhiteElo "2200"]
[BlackElo "2557"]
[Result "0-1"]
[Round "02"]
[TimeControl "180+1"]
[Date "2022.03.29"]
[WhiteClock "0:00:01"]
[BlackClock "0:01:12"]

1. c4 Nf6 2. Nc3 c5 3. g3 e6 4. Nf3 Nc6 5. Bg2 d5 6. cxd5 exd5 7. d4 cxd4 8. Nxd4 Bc5 9. Nb3 Bb6 10. O-O d4 11. Na4 O-O 12. Bg5 Re8 13. Re1 h6 14. Bxf6 Qxf6 15. Nxb6 axb6 16. Bxc6 bxc6 17. Qxd4 Qd8 18. Qxd8 Rxd8 19. Red1 Rxd1+ 20. Rxd1 Be6 21. Nc1 Bxa2 22. b3 Bb1 23. Rd6 Rc8 24. b4 Kf8 25. f3 Ke7 26. Rd2 Bf5 27. e4 Be6 28. Kf2 Ra8 29. Ne2 Ra4 30. Nd4 Bd7 31. Rb2 h5 32. h4 g6 33. Ke3 Ra3+ 34. Rb3 Ra2 35. Rc3 Kd6 36. f4 c5 37. bxc5+ bxc5 38. e5+ Kd5 39. Nb3 c4 40. Nd2 Bb5 41. Ne4 Rg2 42. Rc1 Ke6 43. Kf3 Rb2 44. Nd6 Bc6+ 45. Ke3 Rb3+ 46. Kd4 Rxg3 47. Rxc4 Bd5 48. Rc7 Rg4 49. Rxf7 Ba2 50. Rf6+ Ke7 51. Kc5 Rxh4 52. f5 g5 53. Rh6 Rf4 54. Rh7+ Kd8 55. f6 g4 56. Rxh5 Rf1 57. Rg5 Be6 58. Rg7 Rf3 59. Nb7+ Kc8 60. Nd6+ Kb8 61. f7 g3 62. Rg8+ Ka7 63. Rg7 Ka6 64. Kd4 Bh3 65. Ne4 g2 66. Nf6 Rf4+ 67. Kd5 Bg4 68. Rxg4 Rxg4 69. f8=Q g1=Q 70. Qa3+ Kb5 71. Qb2+ Rb4 72. Qe2+ Ka5 73. Qa2+ Kb6 74. Nd7+ Kc7 75. Qa7+ Qxa7 0-1


[Site "https://www.chess.com"]

[Event "Titled Tuesday Blitz March 29 Late 2022"]
[White "Rasulov, Vugar"]
[Black "Taichman, Ori"]
[WhiteFideId "13402390"]
[BlackFideId "2804069"]
[WhiteElo "2560"]
[BlackElo "2227"]
[Result "0-1"]
[Round "02"]
[TimeControl "180+1"]
[Date "2022.03.29"]
[WhiteClock "0:00:40"]
[BlackClock "0:00:10"]

1. d4 Nf6 2. c4 g6 3. Nc3 Bg7 4. Nf3 O-O 5. g3 d6 6. Bg2 Nc6 7. O-O Rb8 8. Bf4 Ng4 9. h3 e5 10. Bg5 f6 11. Bc1 Nh6 12. e4 Nf7 13. Be3 a6 14. Rc1 f5 15. exf5 gxf5 16. dxe5 dxe5 17. Qxd8 Rxd8 18. Nd5 e4 19. Nh4 Bxb2 20. Rcd1 Nfe5 21. Ne7+ Kf7 22. Rxd8 Nxd8 23. Nexf5 Nxc4 24. Bf4 Ne6 25. Bc1 Bxc1 26. Rxc1 Nd2 27. Rc2 Nf3+ 28. Nxf3 exf3 29. Bxf3 c6 30. Bg4 Kf6 31. Nd6 Nd4 32. Rc4 Bxg4 33. hxg4 Nf3+ 34. Kg2 Ne5 35. Re4 c5 36. g5+ Ke6 37. Nc4 Kd5 38. Rxe5+ Kxc4 39. Re7 Kd3 40. Rd7+ Kc2 41. Rxh7 c4 42. f4 c3 43. f5 Kb2 44. Rc7 c2 45. f6 Rf8 46. Rxb7+ Kxa2 47. Rc7 Kb2 48. Kf3 a5 49. Ke4 a4 50. Kf5 a3 51. g6 a2 52. g7 Rb8 53. f7 a1=Q 54. g8=Q Qa5+ 55. Kg4 Qxc7 56. Qg7+ Qc3 57. f8=Q Rxf8 58. Qb7+ Qb3 59. Qg7+ Qc3 60. Qb7+ Kc1 61. Qh1+ Kd2 62. Qg2+ Kd3 0-1


[Site "https://www.chess.com"]

[Event "Titled Tuesday Blitz March 29 Late 2022"]
[White "Reprintsev, Alexander"]
[Black "Rabineau, Clement"]
[WhiteFideId "14100541"]
[BlackFideId "628891"]
[WhiteElo "2108"]
[BlackElo "2237"]
[Result "1-0"]
[Round "02"]
[TimeControl "180+1"]
[Date "2022.03.30"]
[WhiteClock "0:01:50"]
[BlackClock "0:00:12"]

1. e4 d6 2. d4 g6 3. Nc3 Bg7 4. h4 Nf6 5. h5 Nxh5 6. Rxh5 gxh5 7. Qxh5 Nc6 8. Bc4 e6 9. Bg5 Bf6 10. Nf3 Rg8 11. d5 Bxg5 12. dxe6 Bxe6 13. Bxe6 Rg7 14. Bxf7+ Rxf7 15. Nxg5 Qe7 16. Nd5 1-0


[Site "https://www.chess.com"]

[Event "Titled Tuesday Blitz March 29 Late 2022"]
[White "Riff, Vincent"]
[Black "Paravyan, David"]
[WhiteFideId "617776"]
[BlackFideId "4194985"]
[WhiteElo "2377"]
[BlackElo "2569"]
[Result "0-1"]
[Round "02"]
[TimeControl "180+1"]
[Date "2022.03.29"]
[WhiteClock "0:02:13"]
[BlackClock "0:02:22"]

1. e4 e5 2. Nf3 Nf6 3. Nxe5 d6 4. Nf3 Nxe4 5. Nc3 Nxc3 6. dxc3 Be7 7. Be3 O-O 8. Qd2 Nd7 9. O-O-O Nf6 10. Bd3 Re8 11. h3 Bd7 12. Kb1 c5 13. g4 Bc6 14. Be2 Ne4 15. Qc1 Bf6 16. g5 Bxc3 17. bxc3 Nxc3+ 18. Ka1 Nxe2 19. Qd2 Bxf3 0-1


[Site "https://www.chess.com"]

[Event "Titled Tuesday Blitz March 29 Late 2022"]
[White "Rodchenkov, Vitaly"]
[Black "Riehle, Marco"]
[WhiteFideId "4152964"]
[BlackFideId "12904392"]
[WhiteElo "2337"]
[BlackElo "2462"]
[Result "0-1"]
[Round "02"]
[TimeControl "180+1"]
[Date "2022.03.30"]
[WhiteClock "0:02:05"]
[BlackClock "0:01:50"]

1. Nf3 d5 2. c4 e6 3. b3 c5 4. Bb2 Nc6 5. e3 Nf6 6. d4 cxd4 7. exd4 Bb4+ 8. Nbd2 O-O 9. Bd3 dxc4 10. bxc4 b6 11. O-O Bb7 12. Qe2 Ne7 13. Rad1 Ng6 14. g3 Rc8 15. Ne5 Qe7 16. Ndf3 Rfd8 17. h4 Ba8 18. Ng5 Qb7 19. f3 Rf8 20. Ne4 Nxe4 21. fxe4 Nxe5 22. dxe5 Rcd8 23. Rf3 Bc5+ 24. Kg2 Bd4 25. Rdf1 Bxb2 26. Qxb2 Rxd3 27. Rxd3 Qxe4+ 28. Rdf3 Qxc4 29. Kh2 Bxf3 30. Rxf3 h6 31. Rf4 Qd5 32. h5 Rd8 33. Kh3 Qh1+ 34. Kg4 Qd1+ 35. Kh3 Rd2 0-1


[Site "https://www.chess.com"]

[Event "Titled Tuesday Blitz March 29 Late 2022"]
[White "Romero Ruscalleda, Josep"]
[Black "Bachmann, Axel"]
[WhiteFideId "2231859"]
[BlackFideId "3700488"]
[WhiteElo "2307"]
[BlackElo "2587"]
[Result "1-0"]
[Round "02"]
[TimeControl "180+1"]
[Date "2022.03.30"]
[WhiteClock "0:00:23"]
[BlackClock "0:00:03"]

1. e4 c5 2. c3 d5 3. exd5 Qxd5 4. d4 Nf6 5. Nf3 Bg4 6. dxc5 Qxc5 7. Be3 Qc7 8. h3 Bh5 9. Na3 a6 10. Nc2 Nc6 11. Be2 e5 12. O-O Be7 13. Bg5 O-O 14. Ne3 Rad8 15. Qb3 Na5 16. Qa4 e4 17. Nd4 Rxd4 18. cxd4 Bxe2 19. Rfc1 Qd8 20. Nf5 Nc6 21. Nxe7+ Qxe7 22. d5 Ne5 23. Qxe4 Nxe4 24. Bxe7 Re8 25. d6 Nc6 26. Rxc6 bxc6 27. d7 Ra8 28. Re1 Bd3 29. d8=Q+ Rxd8 30. Bxd8 Kf8 31. f3 Nf6 32. Bxf6 gxf6 33. Kf2 Bc4 34. b3 Bd5 35. Ke3 a5 36. Kd4 a4 37. bxa4 Bxa2 38. Kc5 Bd5 39. a5 1-0


[Site "https://www.chess.com"]

[Event "Titled Tuesday Blitz March 29 Late 2022"]
[White "Rozman, Levy"]
[Black "Melaugh, Shane"]
[WhiteFideId "2039877"]
[BlackFideId "2509580"]
[WhiteElo "2376"]
[BlackElo "2014"]
[Result "1-0"]
[Round "02"]
[TimeControl "180+1"]
[Date "2022.03.30"]
[WhiteClock "0:00:29"]
[BlackClock "0:00:03"]

1. d4 e6 2. Nf3 f5 3. h3 Nf6 4. g4 d5 5. Rg1 c6 6. c4 Nbd7 7. cxd5 cxd5 8. Nc3 Nb6 9. Ne5 g6 10. gxf5 exf5 11. Bg5 Be7 12. h4 O-O 13. e3 Ne4 14. Bxe7 Qxe7 15. h5 Qh4 16. Qf3 g5 17. Rh1 g4 18. Rxh4 gxf3 19. Nxf3 Be6 20. Bd3 Rac8 21. Rc1 Nc4 22. Bxc4 Rxc4 23. Ne2 Rfc8 24. Rxc4 Rxc4 25. Ne5 Rc2 26. f3 Nf6 27. Nd3 Bd7 28. Kd1 Rc8 29. Nc3 Bc6 30. Ne5 Kf8 31. Rh1 Ke7 32. Ne2 Rf8 33. Ng3 Nd7 34. f4 Nxe5 35. fxe5 Ke6 36. Ne2 Bb5 37. Nf4+ Kd7 38. Rg1 Rf7 39. e6+ Ke7 40. exf7 Kxf7 41. Nxd5 Bc6 42. Nf4 Be4 43. Kd2 Kf6 44. h6 Bc6 45. Rg7 1-0


[Site "https://www.chess.com"]